 Dungeon Crawl Stone Soup version 0.24.1-14-gf8d2b509d9 (console) character file.

Game seed: 84865804998588174, levelgen mode: deterministic

43457 Kagalorn the Severer (level 13, -11/122 HPs)
             Began as a Minotaur Wanderer on Feb 27, 2021.
             Was the Champion of the Shining One.
             Splashed by an oklob plant's acid (16 damage)
             ... on level 3 of the Lair of Beasts.
             The game lasted 00:41:41 (16933 turns).

Kagalorn the Severer (Minotaur Wanderer)           Turns: 16933, Time: 00:41:42

Health: -11/122    AC: 10    Str: 22    XL:     13   Next: 90%
Magic:  15/20      EV:  7    Int:  8    God:    the Shining One [******]
Gold:   595        SH:  4    Dex: 11    Spells: 12/12 levels left

rFire    . . .     SeeInvis .   a - +1 broad axe (elec)
rCold    . . .     Gourm    .   s - +0 buckler
rNeg     + + +     Faith    .   W - +0 plate armour "Sewkalea" {rElec rN++ Slay+2}
rPois    .         Spirit   .   (helmet restricted)
rElec    +         Reflect  .   T - +2 cloak {MR+}
rCorr    .         Harm     .   D - +0 pair of gloves
MR       +....                  E - +0 pair of boots
Stlth    ..........             (no amulet)
HPRegen  0.30/turn              (no ring)
MPRegen  0.17/turn              B - +4 ring of slaying

@: corroded, glowing
A: retaliatory headbutt, horns 2
a: Divine Shield, Cleansing Flame, Summon Divine Warrior, Brand Weapon With Holy
Wrath, Renounce Religion


You were on level 3 of the Lair of Beasts.
You worshipped the Shining One.
The Shining One was exalted by your worship.
You were not hungry.

You visited 3 branches of the dungeon, and saw 18 of its levels.
You also visited: Ossuary and Bailey.

You collected 932 gold pieces.
You spent 337 gold pieces at shops.

Inventory:

Hand Weapons
 a - a +1 broad axe of electrocution (weapon)
 b - a +3 hand crossbow of freezing
 j - a +2 mace
 N - the +2 whip of Wariness {protect, rC+ Int+2 SInv}
   (You found it on level 6 of the Dungeon)

   It grants its wielder temporary protection when it strikes (+7 to AC).
   It affects your intelligence (+2).
   It protects you from cold.
   It lets you see invisible.
Missiles
 d - 128 bolts
 k - 298 arrows
 l - 577 stones (quivered)
 m - 5 boomerangs of dispersal
 n - 4 javelins
 r - 27 boomerangs
 x - 35 sling bullets
 U - 2 throwing nets
Armour
 s - a +0 buckler (worn)
 D - a +0 pair of gloves (worn)
 E - a +0 pair of boots (worn)
 T - a +2 cloak of magic resistance (worn)
 W - the +0 plate armour "Sewkalea" (worn) {rElec rN++ Slay+2}
   (You found it on level 11 of the Dungeon)

   It affects your accuracy and damage with ranged weapons and melee attacks
   (+2).
   It insulates you from electricity.
   It greatly protects you from negative energy.
Jewellery
 h - an uncursed amulet of guardian spirit
 y - an uncursed ring of flight
 A - an uncursed ring of see invisible {unknown}
 B - a +4 ring of slaying (right hand)
 R - an uncursed ring of ice
 S - an uncursed ring of fire {unknown}
Wands
 u - a wand of acid (22)
 H - a wand of polymorph (7)
 I - a wand of paralysis (34)
 V - a wand of iceblast (7)
 X - a wand of flame (45)
Scrolls
 g - 5 scrolls of enchant armour
 i - a scroll of blinking
 o - 10 scrolls of teleportation {unknown}
 p - a scroll of torment {unknown}
 t - a scroll of magic mapping
 w - 10 scrolls of remove curse
 C - 2 scrolls of enchant weapon
 F - a scroll of holy word
 G - 3 scrolls of amnesia
 K - 2 scrolls of fear
 M - a scroll of fog
 O - a scroll of silence
 Y - 3 scrolls of identify
Potions
 c - 3 potions of lignification
 e - 2 potions of might
 q - 3 potions of resistance
 v - 8 potions of heal wounds
 z - 3 potions of flight
 J - 2 potions of brilliance
 L - 4 potions of mutation
 P - 8 potions of curing
 Q - 4 potions of agility
Comestibles
 f - 37 rations
 Z - a chunk of flesh


   Skills:
 + Level 13.3 Fighting
 * Level 16.7(16.8) Axes
 - Level 3.6(11.8) Maces & Flails
 - Level 1.1 Crossbows
 + Level 12.8 Armour
 - Level 4.0 Shields
 * Level 11.2 Invocations


You had 12 spell levels left.
You didn't know any spells.
Your spell library contained the following spells:

 Spells                   Type           Power        Failure   Level  Hunger
 Bolt of Magma            Conj/Fire/Erth #.........   100%        5    ######.
 Iskenderun's Battlesphe  Conj/Chrm      #.......     100%        5    ######.
 Venom Bolt               Conj/Pois      #.........   100%        5    ######.
 Iron Shot                Conj/Erth      #.........   100%        6    #######
 Orb of Destruction       Conj           #.........   100%        7    #######
 Spellforged Servitor     Conj/Summ      #.........   100%        7    #######


Dungeon Overview and Level Annotations

Branches:
Dungeon (14/15)            Temple (1/1) D:4            Lair (3/6) D:11
    Orc (0/2) D:10         Vaults (0/5) D:14        Ossuary (visited)
 Bailey (visited)
  Swamp: Lair:2-4    Shoals: Lair:2-4     Snake: Lair:2-4    Spider: Lair:2-4

Altars:
Ashenzari
Cheibriados
Dithmenos
Elyvilon
Fedhas
Gozag
Hepliaklqana
Kikubaaqudgha
Makhleb
Nemelex Xobeh
Okawaru
Qazlal
Ru
Sif Muna
Trog
Uskayaw
Vehumet
Wu Jian
Xom
Yredelemnul
Zin
The Shining One

Shops:
D:8 *   D:10 (   D:11 %   D:13 }

Annotations:
Lair:3 exclusion: oklob plant


Innate Abilities, Weirdness & Mutations

You reflexively headbutt those who attack you in melee.
You have a pair of horns on your head.


Message History

You see here a scroll of identify.
Your angel hits the oklob plant but does no damage. x2
Your angel hits the oklob plant with a +1 sacred scourge of holy wrath!
Your angel hits the oklob plant but does no damage.
The oklob plant spits acid at your angel.
The splash of acid hits your angel!
Your angel is splashed with acid.
The acid corrodes your angel!
Your angel hits the oklob plant with a +1 sacred scourge of holy wrath!
The oklob plant is destroyed!
The oklob plant spits acid at you. The splash of acid misses you.
Your angel hits the oklob plant but does no damage.
Your angel hits the oklob plant with a +1 sacred scourge of holy wrath.
Your angel hits the oklob plant with a +1 sacred scourge of holy wrath!!
Your angel hits the oklob plant with a +1 sacred scourge of holy wrath.
The oklob plant spits acid at you. The splash of acid hits you!
The Shining One protects you from harm! The acid corrodes you!
You are splashed with acid!
You die...

#... #..##
#... ##..#
#..<# #P..# #
##.)#.#♣♣♣
#.......♣
######@.#...♣♣
#.:[..†......♣
#P!$........♣♣
#A$.$P......♣
#....P..#...♣
######......♣
#..#.##♣
#...... ......


You could see an oklob plant and a friendly angel.

Vanquished Creatures
  Gastronok (D:8)
  An ettin (D:11)
  Josephine (D:11)
  Fannar (Lair:1)
  A rakshasa (D:13)
  Harold (D:11)
  A hydra (D:13)
  A centaur warrior (D:13)
  4 two-headed ogres
  2 dancing weapons (D:14)
  Erica (Lair:1)
  A tengu warrior (D:13)
  Sonja (Lair:1)
  An unseen horror (D:12)
  2 orc knights (Bailey)
  9 ugly things
  A deep elf mage (D:13)
  An oklob plant (Lair:3)
  2 cyclopes
  Maurice (D:8)
  A spiny frog (Lair:3)
  3 gargoyles
  3 komodo dragons
  2 tengu conjurers (D:13)
  3 trolls
  Prince Ribbit (Lair:1)
  A polar bear (shapeshifter) (D:13)
  2 meliai (D:13)
  6 slime creatures
  2 hornets
  2 blink frogs (Lair:1)
  2 hippogriffs
  A meliai zombie (D:13)
  5 wraiths
  Eustachio (D:6)
  10 yaks
  A wyvern (D:11)
  2 basilisks
  7 vampire mosquitoes
  A water moccasin (Lair:1)
  3 porcupines (Lair:1)
  9 ice beasts
  16 orc warriors
  2 black bears
  3 necrophages
  A wolf (D:8)
  5 ogres
  3 phantoms
  9 centaurs
  3 crocodiles
  3 big kobolds
  An elf zombie (D:5)
  Blork the orc (D:6)
  12 bullfrogs
  2 elf skeletons (D:5)
  29 killer bees
  A scorpion (D:6)
  9 electric eels
  10 wights
  3 howler monkeys
  4 centaur zombies
  A bullfrog zombie (D:5)
  6 crimson imps
  3 quasits
  6 jellies
  7 hounds
  2 bullfrog skeletons (D:11)
  16 orc wizards
  11 orc priests
  3 centaur skeletons
  3 human zombies (D:5)
  4 iguanas
  A human skeleton (D:5)
  10 worker ants
  A hound zombie (D:7)
  A killer bee simulacrum (D:8)
  A worker ant zombie (D:11)
  9 gnolls
  15 adders
  7 shadow imps
  2 white imps (D:8)
  An ufetubus (D:8)
  7 oozes
  2 adder zombies
  An adder skeleton (D:5)
  6 dart slugs
  A worm (D:2)
  4 leopard geckos
  69 orcs
  3 giant cockroaches
  14 goblins
  14 hobgoblins
  3 quokkas
  2 ball python skeletons (Ossuary)
  8 bats
  5 frilled lizards
  A hobgoblin skeleton (Ossuary)
  18 kobolds
  2 kobold zombies (Ossuary)
  A leopard gecko skeleton (D:8)
  6 orc skeletons
  An orc zombie (D:5)
  6 rats
  A fungus (Lair:1)
  A plant (Lair:3)
505 creatures vanquished.

Vanquished Creatures (collateral kills)
  Rupert (Lair:3)
  A centaur warrior (D:13)
  A tengu warrior (D:13)
  A two-headed ogre (D:13)
  An orc knight (Bailey)
  2 orc sorcerers (Bailey)
  An oklob plant (Lair:3)
  A meliai (D:13)
  A hippogriff (D:13)
  A water elemental (D:11)
  A wyvern (D:13)
  A steam dragon (D:13)
  4 orc warriors (Bailey)
  An electric eel (D:11)
  2 crimson imps (D:13)
  A gnoll (Bailey)
  A hobgoblin (Bailey)
22 creatures vanquished.

Vanquished Creatures (others)
  A gnoll (Bailey)
  A white imp (D:8)
  2 plants
4 creatures vanquished.

Grand Total: 531 creatures vanquished

Notes
Turn   | Place    | Note
-------+----------+-------------------------------------------
     0 | D:1      | Kagalorn the Minotaur Wanderer began the quest for the Orb.
     0 | D:1      | Kagalorn set off with the following items: a +2 mace, a
                  | potion of lignification, a +0 hand crossbow, 30 bolts, a +0
                  | robe, a ration
     0 | D:1      | Reached XP level 1. HP: 19/19 MP: 0/0
    88 | D:1      | Reached XP level 2. HP: 16/27 MP: 1/1
   646 | D:2      | Reached XP level 3. HP: 24/34 MP: 2/2
  1232 | D:2      | Reached XP level 4. HP: 41/41 MP: 3/3
  1242 | D:2      | Reached skill level 5 in Fighting
  2038 | D:3      | Reached XP level 5. HP: 35/48 MP: 4/4
  2276 | D:4      | Noticed a phantom
  2303 | D:3      | Killed a phantom
  2303 | D:3      | Reached skill level 2 in Axes
  2395 | D:4      | Found a staircase to the Ecumenical Temple.
  2408 | Temple   | Entered the Ecumenical Temple
  2517 | Temple   | Became a worshipper of the Shining One
  2579 | D:4      | Reached XP level 6. HP: 57/57 MP: 5/5
  3218 | D:4      | Reached skill level 3 in Axes
  3254 | D:4      | Reached skill level 5 in Armour
  3403 | D:5      | Entered Level 5 of the Dungeon
  3430 | D:5      | Reached XP level 7. HP: 34/63 MP: 6/6
  3435 | D:5      | Reached skill level 4 in Axes
  3622 | D:5      | Reached skill level 5 in Axes
  3674 | D:5      | Reached * piety under the Shining One
  3766 | D:5      | Reached skill level 6 in Axes
  3778 | D:5      | Reached XP level 8. HP: 38/73 MP: 7/7
  3790 | D:5      | Found a sand-covered staircase.
  3800 | Ossuary  | Entered an ossuary
  3974 | Ossuary  | Reached ** piety under the Shining One
  4019 | Ossuary  | Noticed a flying skull
  4027 | Ossuary  | Noticed a flying skull
  4093 | Ossuary  | Noticed a flying skull
  4105 | Ossuary  | Reached skill level 7 in Axes
  4115 | Ossuary  | Noticed a flying skull
  4129 | Ossuary  | Noticed a flying skull
  4305 | D:5      | Reached *** piety under the Shining One
  4336 | D:5      | Reached skill level 8 in Axes
  4692 | D:6      | Found a stormy altar of Qazlal.
  5025 | D:6      | Reached XP level 9. HP: 81/81 MP: 8/8
  5083 | D:6      | Got a fine whip
  5084 | D:6      | Identified the +2 whip of Wariness {protect, rC+ Int+2
                  | SInv} (You found it on level 6 of the Dungeon)
  5120 | D:6      | Noticed Eustachio
  5132 | D:6      | Killed Eustachio
  5132 | D:6      | Reached skill level 9 in Axes
  5271 | D:6      | Noticed Blork the orc
  5277 | D:6      | Killed Blork the orc
  5712 | D:7      | Found the +5 robe of Misfortune {*Contam Harm *Corrode
                  | *Drain *Slow EV+5}
  5729 | D:7      | Reached **** piety under the Shining One
  5846 | D:7      | Reached skill level 10 in Axes
  6487 | D:8      | Reached skill level 11 in Axes
  6836 | D:8      | Reached XP level 10. HP: 89/92 MP: 9/9
  6896 | D:8      | Reached ***** piety under the Shining One
  7017 | D:8      | Reached skill level 10 in Fighting
  7148 | D:8      | Reached skill level 1 in Invocations
  7156 | D:8      | Noticed Gastronok
  7189 | D:8      | Noticed Maurice
  7216 | D:8      | Paralysed by Maurice for 2 turns
  7227 | D:8      | Killed Maurice
  7600 | D:8      | Killed Gastronok
  7600 | D:8      | Reached skill level 12 in Axes
  7600 | D:8      | Reached skill level 10 in Armour
  7636 | D:8      | Found Ycwuuniuk's General Store.
  7641 | D:8      | Bought a scroll of enchant armour for 97 gold pieces
  7641 | D:8      | Bought a scroll of silence for 97 gold pieces
  7641 | D:8      | Bought 2 potions of curing for 78 gold pieces
  7641 | D:8      | Bought a potion of heal wounds for 65 gold pieces
  8259 | D:9      | Noticed a two-headed ogre
  8284 | D:9      | Killed a two-headed ogre
  8284 | D:9      | Reached XP level 11. HP: 101/101 MP: 13/13
  8634 | D:10     | Entered Level 10 of the Dungeon
  9049 | D:10     | Reached skill level 13 in Axes
  9049 | D:10     | Reached skill level 5 in Invocations
  9197 | D:10     | Noticed a two-headed ogre
  9208 | D:10     | Killed a two-headed ogre
  9581 | D:10     | Found Gurgha's Weapon Emporium.
 10402 | D:10     | Found a staircase to the Orcish Mines.
 10547 | D:11     | Noticed Harold
 10559 | D:11     | Killed Harold
 10605 | D:11     | Found a staircase to the Lair.
 10738 | D:11     | Found a flagged portal.
 10739 | D:11     | Noticed Josephine
 10783 | D:11     | Noticed a two-headed ogre
 10794 | D:11     | Killed a two-headed ogre
 10924 | Bailey   | Entered a bailey
 11093 | Bailey   | Noticed an orc knight
 11108 | Bailey   | Killed an orc knight
 11162 | Bailey   | Found an iron altar of Okawaru.
 11162 | Bailey   | Noticed an orc sorcerer
 11162 | Bailey   | Noticed an orc sorcerer
 11175 | Bailey   | Killed an orc sorcerer
 11180 | Bailey   | Killed an orc sorcerer
 11180 | Bailey   | Reached skill level 14 in Axes
 11231 | Bailey   | Noticed an orc knight
 11247 | Bailey   | Killed an orc knight
 11607 | Bailey   | Reached XP level 12. HP: 110/110 MP: 16/16
 12342 | D:11     | Killed Josephine
 12406 | D:11     | Found a runed translucent door.
 12414 | D:11     | Paralysed by a hornet for 2 turns
 12513 | D:11     | Noticed an ettin
 12521 | D:11     | Killed an ettin
 12526 | D:11     | Got a scorched plate armour
 12552 | D:11     | Identified the cursed +0 plate armour "Sewkalea" {rElec
                  | rN++ Slay+2} (You found it on level 11 of the Dungeon)
 12637 | D:11     | Found Koiwim's Food Emporium.
 13118 | D:12     | Reached skill level 15 in Axes
 13374 | D:12     | Reached ****** piety under the Shining One
 13955 | D:13     | Found Rexos's Gadget Boutique.
 13966 | D:13     | Reached XP level 13. HP: 56/119 MP: 3/19
 14416 | D:13     | Reached skill level 10 in Invocations
 14757 | D:14     | Reached skill level 16 in Axes
 15350 | D:14     | Found a gate to the Vaults.
 15489 | Lair:1   | Entered Level 1 of the Lair of Beasts
 15532 | Lair:1   | Noticed Fannar
 15544 | Lair:1   | Killed Fannar
 15606 | Lair:1   | Noticed Prince Ribbit
 15611 | Lair:1   | Killed Prince Ribbit
 15772 | Lair:1   | Noticed Sonja
 15772 | Lair:1   | Noticed Erica
 15787 | Lair:1   | Killed Sonja
 15799 | Lair:1   | Killed Erica
 16907 | Lair:3   | Noticed Rupert
 16913 | Lair:3   | Killed Rupert
 16928 | Lair:3   | HP: 4/122 [oklob plant/splash of acid (17)]
 16928 | Lair:3   | The Shining One protects you from harm!
 16933 | Lair:3   | The Shining One protects you from harm!
 16933 | Lair:3   | Splashed by an oklob plant's acid

Levels and vault maps discovered:
D:1:      dpeg_arrival_erosion, layout_basic, minmay_hedge_maze
D:2:      layout_basic, minmay_pentomino_t2
D:3:      layout_basic, corexii_corridor_pit, chequers_arboretum,
          chequers_decorated_corner
D:4:      layout_basic, minmay_temple_entry_ruins, first_ration, minivault_25,
          minmay_between
D:5:      layout_basic, nicolae_ossuary_entry_catacombs, minivault_25,
          st_stairs_11
D:6:      layout_basic, nicolae_overflow_hidden_temple, uniq_blork_the_orc,
          uniq_eustachio
D:7:      layout_basic
D:8:      layout_loops_corners, serial_ice, serial_ice_f, serial_ice_k,
          serial_ice_h, serial_ice_a, serial_ice_n, serial_shops,
          kennysheep_mini_moat, uniq_gastronok, uniq_maurice
D:9:      layout_basic, hangedman_little_slice_of_home,
          minmay_misc_feat_nine_boxes
D:10:     layout_roguey, erik_orc_2, serial_shops, shop, lightli_corner_chamber
D:11:     layout_rooms, david_lair_shrubbed, serial_shops,
          nicolae_shop_temple_entry_statues_fountains, enter_bailey_2,
          fungi_pond_lemuel, lightli_airlock, uniq_harold, uniq_josephine
D:12:     layout_loops_corners
D:13:     layout_roguey, serial_shops, shop_coins, bh_walls_and_bars
D:14:     layout_long_grid, erik_vaults_1, hangedman_abyss_or_decor_clamps,
          minmay_misc_feat_x
Temple:   compressed_dpeg_circular_temple
Lair:1:   layout_misc_corridors, grunt_megastairs_1, lemuel_fruit_tree,
          uniq_erica, uniq_prince_ribbit2, uniq_sonja, uniq_fannar
Lair:2:   layout_concentric_octagons
Lair:3:   layout_chaotic_city, palyth_hydra_swamp_entry,
          minmay_snake_entry_guardpost_large, minmay_lair_oklob_chamber,
          uniq_rupert

Skill      XL: |  1  2  3  4  5  6  7  8  9 10 11 12 13 |
---------------+----------------------------------------+-----
Fighting       | 4 5 6 7 8 9 10 11 12 13 | 13.3
Armour         | 2 3 4 5 6 7 9 10 11 12 | 12.8
Axes           | 2 3 6 8 11 12 14 15 16 | 16.7
Shields        | 3 4 |  4.0
Invocations    | 4 7 9 11 | 11.2
Maces & Flails | |  3.6
Crossbows      | |  1.1

Action                   |  1- 3 |  4- 6 |  7- 9 | 10-12 | 13-15 || total
-------------------------+-------+-------+-------+-------+-------++-------
Melee: Mace              |    85 |    25 |       |       |       ||   110
       Headbutt          |    11 |    15 |    40 |    84 |    23 ||   173
       War axe           |       |   101 |   282 |   320 |       ||   703
       Broad axe         |       |       |       |   145 |   153 ||   298
       Whip              |       |       |       |       |     2 ||     2
 Fire: Hand crossbow     |       |       |     2 |     8 |       ||    10
Invok: Summon Divine War |       |       |       |     3 |     1 ||     4
       Cleansing Flame   |       |       |       |     2 |       ||     2
Evoke: Wand              |       |       |       |       |     1 ||     1
  Use: Scroll            |       |       |     7 |    16 |       ||    23
  Eat: Chunk             |     1 |     6 |     5 |     4 |     6 ||    22
       Ration            |       |       |     2 |     6 |     1 ||     9
Armor: Robe              |     5 |       |       |       |       ||     5
       Ring mail         |    20 |       |       |       |       ||    20
       Chain mail        |     7 |    60 |   112 |    35 |       ||   214
       Scale mail        |       |       |       |    58 |       ||    58
       Plate armour      |       |       |       |    56 |    83 ||   139
Dodge: Dodged            |    36 |    54 |    84 |   152 |    43 ||   369
Block: Buckler           |       |    19 |    35 |    46 |    30 ||   130
